Map: Zen LE

Players

prospeKt - Winner!

  • Race: Zerg Zerg
  • League: Platinum
  • Spawn Location: 1:00

VOD

Have the link to the VOD?

Description

Time

  • Played on: May 27, 2020, 8:26 a.m.
  • Length: 16:17
Show
View Real Time Build Order
Export as new Build Order

prospeKt Zerg - Winner!

Build Orders:  

Get SALT Encoding   

  12  0:01  Drone  
  13  0:18  Overlord  
  13  0:25  Drone  
  14  0:44  Drone  
  14  0:45  Drone  
  16  0:54  Drone  
  17  1:16  Hatchery  
  16  1:20  Drone  
  16  1:28  Drone  
  18  1:45  Spawning Pool  
  17  1:51  Drone  
  17  1:53  Drone  
  19  2:04  Drone  
  19  2:09  Extractor  
  19  2:19  Drone  
  20  2:37  Drone  
  21  2:50  Drone  
  21  2:57  Drone  
  23  3:04  Overlord  
  23  3:08  Queen  
  25  3:10  Queen  
  25  3:12  Drone  
  28  3:33  Drone  
  28  3:34  Drone  
  28  3:37  Overlord  
  30  3:46  Drone  
  30  3:49  Overlord  
  31  3:58  Queen  
  33  4:04  Drone  
  34  4:14  Drone x2  
  36  4:21  Lair  
  36  4:22  Drone  
  37  4:37  Roach Warren  
  36  4:43  Evolution Chamber, Drone x2  
  36  4:44  Overlord  
  37  4:59  Drone  
  31  5:00  Drone x4  
  38  5:01  Overlord  
  38  5:02  Drone  
  43  5:12  Extractor  
  43  5:13  Drone  
  43  5:15  Extractor  
  43  5:17  Overlord  
  42  5:26  Zerg Missile Weapons Level 1  
  42  5:28  Drone  
  43  5:36  Glial Reconstitution  
  43  5:38  Drone x2  
  43  5:39  Drone x2  
  47  5:43  Roach x2  
  51  5:55  Roach  
  51  5:56  Drone x2  
  55  6:10  Roach  
  55  6:12  Drone  
  58  6:30  Hatchery  
  58  6:33  Roach  
  58  6:34  Roach x5  
  58  6:35  Overlord  
  58  6:37  Drone  
  70  6:52  Drone  
  70  6:53  Drone  
  70  6:55  Overlord  
  70  6:58  Roach  
  74  7:28  Drone x3  
  77  7:30  Drone x4  
  77  7:33  Overlord  
  77  7:35  Drone x2  
  83  7:44  Drone  
  84  7:50  Drone  
  85  8:05  Drone, Roach  
  88  8:18  Hydralisk Den  
  87  8:20  Evolution Chamber  
  87  8:21  Zerg Missile Weapons Level 2  
  87  8:24  Drone x3  
  87  8:26  Overlord x2  
  87  8:27  Drone x2  
  91  8:45  Drone x6  
  97  9:00  Extractor  
  97  9:04  Extractor  
  97  9:05  Infestation Pit  
  97  9:09  Drone x3  
  97  9:11  Zerg Ground Armor Level 1  
  97  9:16  Hydralisk x5  
  97  9:17  Hydralisk  
  109  9:45  Drone x4  
  109  9:46  Hatchery, Hydralisk x4  
  118  9:59  Extractor  
  117  10:13  Overlord x3  
  117  10:15  Hydralisk x2  
  121  10:44  Hydralisk x8  
  121  10:45  Hydralisk  
  121  10:46  Overlord x2  
  139  10:50  Drone x2  
  139  10:51  Drone x5  
  139  10:53  Unknown  
  146  11:30  Hydralisk x3  
  146  11:31  Hydralisk x7  
  146  11:34  Overlord x2  
  146  11:35  Drone  
  167  12:11  Hatchery  
  167  12:14  Hatchery  
  167  12:17  Overlord x2  
  167  12:19  Hydralisk x4  
  173  12:20  Drone, Hydralisk  
  173  12:21  Drone x4  
  173  12:22  Drone x2  
  173  12:23  Drone x2  
  184  12:47  Hive  
  184  12:48  Hydralisk  
  184  12:49  Hydralisk x7  
  200  12:56  Drone, Extractor  
  200  12:59  Extractor  
  199  13:10  Drone  
  199  13:12  Overlord  
  199  13:15  Overlord  
  188  14:33  Hatchery  
  187  14:50  Overseer  
  187  14:53  Hydralisk x6  
  197  15:27  Hydralisk x4  
  197  15:29  Drone  
  198  15:34  Unknown  
Tags
 
League
Platinum
Matchup
Co-op
Add a new tag
Caveats
  • Supply blocks, unpowered buildings, or Contaminate may cause inaccurate times.
  • Supply counts are checked every 10 seconds.